 Dungeon Crawl Stone Soup version 0.27-a0-1090-gb115f176c6 (webtiles) character file.

Game seed: 1816565870709587942

74 tsouns the Firebug (level 4, 0/27 HPs)
             Began as an Octopode Fire Elementalist on Apr 27, 2021.
             Was a Believer of Jiyva.
             Succumbed to a scorpion's poison
             ... on level 4 of the Dungeon.
             The game lasted 00:03:43 (2914 turns).

tsouns the Firebug (Octopode Fire Elementalist)     Turns: 2914, Time: 00:03:44

Health: 0/27       AC:  1    Str:  8    XL:     4   Next: 28%
Magic:  0/7        EV: 13    Int: 18    God:    Jiyva [**....]
Gold:   42         SH:  0    Dex: 11    Spells: 3/7 levels left

rFire    . . .     SeeInvis .   j - +0 flail
rCold    . . .     Faith    .   (no shield)
rNeg     . . .     Spirit   .   (helmet restricted)
rPois    .         Reflect  .   (no amulet)
rElec    .         Harm     .   (no ring)
rCorr    .         Rampage  .   (no ring)
Will     .....                  (no ring)
Stlth    +++.......             (no ring)
HPRegen  0.09/turn              (no ring)
MPRegen  0.10/turn              (no ring)
                                (no ring)
                                (no ring)

@: lethally poisoned (0 -> -5)
A: almost no armour, amphibious, 8 rings, camouflage 1, gelatinous body 1,
(nimble swimmer 1), tentacles
a: Renounce Religion, Request Jelly


You were on level 4 of the Dungeon.
You worshipped Jiyva.
Jiyva was pleased with you.
You visited 1 branch of the dungeon, and saw 4 of its levels.

You collected 112 gold pieces.
You spent 70 gold pieces at shops.

Inventory:

Hand Weapons
 j - a +0 flail (weapon)
Armour
 c - a +0 kite shield
Scrolls
 b - a scroll of fear {unknown}
 f - a scroll of summoning {unknown}
 g - a scroll of teleportation
 h - a scroll of identify
 i - a scroll of silence {unknown}
Potions
 a - 2 potions of attraction {unknown}
 d - a potion of lignification {unknown}
 e - 3 potions of heal wounds {unknown}
 k - a potion of resistance {unknown}


   Skills:
 + Level 2.1 Dodging
 + Level 3.0 Stealth
 + Level 2.3 Spellcasting
 + Level 1.7 Conjurations
 + Level 4.2 Fire Magic


You had 3 spell levels left.
You knew the following spells:

 Your Spells              Type           Power      Damage    Failure   Level
a - Foxfire               Conj/Fire      48%        2x1d6     4%          1
b - Conjure Flame         Conj/Fire      12%        6-21      16%         3

Your spell library contained the following spells:

 Spells                   Type           Power      Damage    Failure   Level
 Inner Flame              Hex/Fire       9%         N/A       22%         3
 Sticky Flame             Conj/Fire      12%        2d4       45%         4
 Fireball                 Conj/Fire      6%         3d5       80%         5


Dungeon Overview and Level Annotations

Branches:
Dungeon (4/15)
 Temple: D:4-7

Altars:
Cheibriados
Jiyva

Shops:
D:2 ?


Innate Abilities, Weirdness & Mutations

You cannot wear most types of armour.
You are amphibious.
You can wear up to eight rings at the same time.
Your skin changes colour to match your surroundings (Stealth+).
Your rubbery body absorbs attacks. (AC +1, EV +1)
((You are camouflaged near water. (Stealth+)))
You have tentacles for arms and can constrict up to eight enemies at once.


Message History

Casting: Foxfire (safe; 4% risk of failure)
Confirm with . or Enter, or press ? or * to list all spells.
You conjure some foxfire!
The scorpion misses you.
Unknown command.
The foxfire hits the scorpion.
The scorpion is moderately wounded.
The foxfire hits the scorpion.
The scorpion is moderately wounded.
The scorpion completely misses you.
Casting: Foxfire (safe; 4% risk of failure)
Confirm with . or Enter, or press ? or * to list all spells.
You conjure some foxfire!
The scorpion closely misses you.
Unknown command.
The foxfire hits the scorpion.
The scorpion is moderately wounded.
The foxfire hits the scorpion but does no damage.
The scorpion is moderately wounded.
Casting: Foxfire (safe; 4% risk of failure)
Confirm with . or Enter, or press ? or * to list all spells.
You conjure some foxfire!
The scorpion stings you.
You are poisoned.
The scorpion poisons you!
Unknown command.
Casting: Foxfire (safe; 4% risk of failure)
Confirm with . or Enter, or press ? or * to list all spells.
You conjure some foxfire!
You feel sick.
The foxfire hits the scorpion but does no damage.
The scorpion is moderately wounded.
The foxfire hits the scorpion.
The scorpion is heavily wounded.
The scorpion stings you.
* * * LOW HITPOINT WARNING * * *
Unknown command.
* * * LOW HITPOINT WARNING * * *
You feel sick.
The foxfire hits the scorpion.
The scorpion is severely wounded.
The foxfire hits the scorpion.
The scorpion is severely wounded.
The scorpion barely misses you.
You die...

### ##### ##########..
#...# #.......##.#
#...####.......##.#
###..................
#.........###J.......
#.........###........
#...@.#..............
##ยง..##.............#
#.s.##......#....... ..
#...##.............#
....###...####.......#.#..
......'...# #.......#.###
.....##...# ....######....
.....##.####....# #....
............... ...


You could see a scorpion.

Vanquished Creatures
  2 gnolls (D:3)
  An adder (D:2)
  3 ball pythons
  2 endoplasms (D:1)
  4 goblins
  3 hobgoblins
  12 jackals
  2 quokkas
  5 bats
  2 frilled lizards (D:1)
  4 kobolds
40 creatures vanquished.

Vanquished Creatures (others)
  6 jellies (D:3)
  A hound (D:3)
  A gnoll (D:3)
  2 adders
  A dart slug (D:2)
  2 bats
  2 giant cockroaches (D:3)
  2 goblins (D:2)
  3 frilled lizards (D:2)
  A kobold (D:3)
  A rat (D:3)
  112 foxfires
134 creatures vanquished.

Grand Total: 174 creatures vanquished

Notes
Turn   | Place    | Note
-------+----------+-------------------------------------------
     0 | D:1      | tsouns the Octopode Fire Elementalist began the quest for
                  | the Orb.
     0 | D:1      | Reached XP level 1. HP: 11/11 MP: 3/3
   308 | D:1      | Reached XP level 2. HP: 17/17 MP: 1/5
   573 | D:1      | Found a faded altar of an unknown god.
   581 | D:1      | Became a worshipper of Jiyva Jeham the Shapeless
   581 | D:1      | Reached * piety under Jiyva
  1315 | D:2      | Reached XP level 3. HP: 21/21 MP: 3/6
  1319 | D:2      | Learned a level 3 spell: Conjure Flame
  1414 | D:2      | Found Buguqesk's Magic Scroll Shop.
  1421 | D:2      | Bought a scroll of teleportation for 42 gold pieces
  1421 | D:2      | Bought a scroll of identify for 28 gold pieces
  1797 | D:3      | Found a snail-covered altar of Cheibriados.
  1910 | D:3      | Reached skill level 4 in Fire Magic
  1946 | D:3      | Reached XP level 4. HP: 24/27 MP: 0/7
  2008 | D:3      | Reached ** piety under Jiyva
  2894 | D:4      | Noticed a scorpion
  2913 | D:4      | HP: 1/27 [poisoned by a scorpion]
  2914 | D:4      | Succumbed to a scorpion's poison

Illustrated notes

Levels and vault maps discovered:
D:1:      dpeg_arrival_shrine, layout_basic, basic_ecumenical_altar
D:2:      layout_loops_ring, serial_shops, shop_scrolls, minmay_misc_feat_chi,
          grunt_decor_mini_mirrors
D:3:      layout_loops_ring, old_standard_altar, chequers_decorated_corner,
          chequers_serial_rivers_room_a, minmay_misc_feat_enclosed,
          minmay_misc_feat_rows, lemuel_flame_loot_1
D:4:      layout_basic, hangedman_abyss_or_decor_lesser_grid,
          minmay_goblin_outpost, uniq_edmund

Skill      XL: |  1  2  3 |
---------------+----------+-----
Fire Magic     | 4 |  4.2
Stealth        | 3 |  3.0
Dodging        | |  2.1
Spellcasting   | |  2.3
Conjurations   | |  1.7

Action                   |  1- 3 |  4- 6 || total
-------------------------+-------+-------++-------
Melee: Unarmed           |    10 |       ||    10
       Tentacles         |     5 |       ||     5
       Constrict         |     3 |     1 ||     4
       Flail             |     1 |     3 ||     4
 Cast: Foxfire           |    47 |    29 ||    76
 Stab: Sleeping          |     1 |       ||     1
Armor: Skin              |     2 |       ||     2
Dodge: Dodged            |    15 |     6 ||    21

Table legend: (Time is in decaauts)
 A = Elapsed time spent in this place.
 B = Non-inter-level travel time spent in this place.
 C = Inter-level travel time spent in this place.
 D = Time resting spent in this place.
 E = Time spent auto-exploring this place.
 F = Levels seen in this place.
 G = Mean time per level.
                   A        B        C        D        E       F      G
               +--------+--------+--------+--------+--------+-----+--------+
         Total |   2914 |   2864 |     50 |      0 |   2597 |   4 |  728.5 |
       Dungeon |   2914 |   2864 |     50 |      0 |   2597 |   4 |  728.5 |
               +--------+--------+--------+--------+--------+-----+--------+

Top non-repeatable levels by time:
     D:3: 979 daAuts
     D:1: 967 daAuts
     D:2: 764 daAuts
     D:4: 203 daAuts
